 Dungeon Crawl Stone Soup version 0.17-a0-1435-geafbe2f (webtiles) character file.

43 nubinia the Firebug (level 3, 0/19 HPs)
             Began as a Tengu Fire Elementalist on June 26, 2015.
             Succumbed to an adder's poison
             ... on level 2 of the Dungeon.
             The game lasted 00:08:43 (1443 turns).

nubinia the Firebug (Tengu Fire Elementalist)       Turns: 1443, Time: 00:08:43

Health: 0/19       AC:  2    Str:  8    XL:     3   Next: 58%
Magic:  1/7        EV: 13    Int: 16    God:
Gold:   38         SH:  0    Dex: 14    Spells: 4 memorised, 0 levels left

rFire  . . .     SeeInvis .     d - +0 mace
rCold  . . .     Clarity  .     a - +0 robe
rNeg   . . .     SustAt   .     (no shield)
rPois  .         Gourm    .     (helmet restricted)
rElec  .         Spirit   .     (no cloak)
rCorr  .         Warding  .     (no gloves)
rMut   .         Stasis   .     (boots unavailable)
MR     .....                    (no amulet)
Stlth  ++........               (no ring)
                                (no ring)

@: lethally poisoned (0 -> -19), very slightly contaminated, not resistant to
hostile enchantments, unstealthy
A: beak, talons 3
a: no special abilities


You were on level 2 of the Dungeon.
You were hungry.

You visited 1 branch of the dungeon, and saw 2 of its levels.

You collected 38 gold pieces.

Inventory:

Hand weapons
 d - a +0 mace (weapon)
 o - a cursed -1 short sword
Missiles
 f - 44 poisoned needles
Armour
 a - a +0 robe (worn)
Scrolls
 e - 2 scrolls of identify
 i - a scroll of amnesia {unknown}
 j - a scroll of fog
 m - a scroll of remove curse
 n - a scroll of enchant weapon {unknown}
Potions
 h - a potion of ambrosia
Books
 b - a book of Flames

   Spells                             Type                      Level
   a - Flame Tongue                   Conjuration/Fire             1
   b - Throw Flame                    Conjuration/Fire             2
   c - Conjure Flame                  Conjuration/Fire             3
   d - Inner Flame                    Hexes/Fire                   3
   e - Sticky Flame                   Conjuration/Fire             4
   f - Fireball                       Conjuration/Fire             5
 p - a book of Minor Magic

   Spells                             Type                      Level
   a - Magic Dart                     Conjuration                  1
   b - Blink                          Translocation                2
   c - Call Imp                       Summoning                    2
   d - Repel Missiles                 Charms/Air                   2
   e - Slow                           Hexes                        2
   f - Conjure Flame                  Conjuration/Fire             3
   g - Mephitic Cloud                 Conjuration/Poison/Air       3
Comestibles
 c - a bread ration
 g - a meat ration


   Skills:
 + Level 2.4 Dodging
 + Level 2.2 Stealth
 + Level 2.5 Spellcasting
 + Level 1.5 Conjurations
 + Level 4.1 Fire Magic


You couldn't memorise any spells.
You knew the following spells:

 Your Spells              Type           Power        Failure   Level  Hunger
a - Flame Tongue          Conj/Fire      ##...        10%         1    #......
b - Throw Flame           Conj/Fire      ##....       12%         2    ##.....
c - Conjure Flame         Conj/Fire      ##......     21%         3    ###....
d - Magic Dart            Conj           #...         12%         1    #......


Dungeon Overview and Level Annotations

Branches:
Dungeon (2/15)

Altars:

Annotations:
D:2 Terence


Innate Abilities, Weirdness & Mutations

You have a beak for a mouth.
You have claws for feet.


Message History

The adder poisons you!
Drink which item? (? for menu, Esc to quit)
You feel much better. The adder bites you.
You are more poisoned.
The adder poisons you! The adder bites you.
You are more poisoned.
The adder poisons you!
You feel sick.
You feel sick.
You feel sick. The adder barely misses you.
You feel sick.
You feel sick.
All of the chunks of flesh in your inventory have rotted away.
You feel sick. The adder bites you.
* * * LOW HITPOINT WARNING * * *
You are more poisoned.
The adder poisons you!
* * * LOW HITPOINT WARNING * * *
You feel sick.
You die...

##### ##...##
###.###.##########
#......@.S.......#
#(#.###.########.#
######.##...## #.#
#..(....##### #.#
#.####).# #.#
#####†####..# #.#
†........#..# #.#
##.##†##.#..# #.#
...##.# ...# #.#


You could see an adder.

Vanquished Creatures
  An ooze (D:1)
  5 bats (D:1)
  2 giant cockroaches (D:1)
  8 goblins (D:1)
  6 hobgoblins (D:1)
  A jackal (D:2)
  3 kobolds
  3 giant newts
  11 rats
40 creatures vanquished.

Notes
Turn   | Place    | Note
--------------------------------------------------------------
     0 | D:1      | nubinia the Tengu Fire Elementalist began the quest for the Orb.
     0 | D:1      | Reached XP level 1. HP: 10/10 MP: 4/4
   200 | D:1      | Reached XP level 2. HP: 15/15 MP: 4/6
   223 | D:1      | Learned a level 2 spell: Throw Flame
   789 | D:1      | Reached XP level 3. HP: 17/19 MP: 7/7
   797 | D:1      | Learned a level 3 spell: Conjure Flame
   845 | D:1      | Reached skill level 4 in Fire Magic
  1413 | D:2      | Learned a level 1 spell: Magic Dart
  1414 | D:2      | Noticed Terence
  1443 | D:2      | Succumbed to an adder's poison

Vault maps used:
D:1:      saegor_arrival_simple_d, minmay_liquid_box, minmay_close_crescents
D:2:      nicolae_overflow_crystal_walls, first_bread, uniq_terence,
          uniq_sigmund

Action                   || total
-------------------------++-------
Melee: Mace              ||    23
 Cast: Flame Tongue      ||    44
       Throw Flame       ||     6
  Use: Scroll            ||     4
       Potion            ||     1
  Eat: Chunk             ||     2
